Map: Galactic Process LE

Players

Player - Winner!

  • Race: Protoss Protoss
  • League: Silver

Gracz

  • Race: Protoss Protoss
  • League: Silver

VOD

Have the link to the VOD?

Description

Time

  • Played on: Oct. 29, 2016, 1:02 p.m.
  • Length: 18:59
Show
View Real Time Build Order
Export as new Build Order

Player Protoss - Winner!

Build Orders: 1 Gate Expand, Oracle Opening 

Get SALT Encoding   

  12  0:02  Probe (Chrono Boost)  
  13  0:15  Pylon  
  13  0:17  Probe (Chrono Boost)  
  15  0:28  Probe (Chrono Boost)  
  15  0:40  Gateway  
  15  0:48  Probe (Chrono Boost)  
  16  0:54  Assimilator  
  16  0:59  Probe (Chrono Boost)  
  17  1:15  Probe (Chrono Boost)  
  18  1:36  Cybernetics Core  
  18  1:37  Unknown, Nexus, Probe (Chrono Boost)  
  19  1:47  Assimilator  
  19  1:48  Probe (Chrono Boost)  
  20  1:58  Zealot  
  22  2:15  Pylon  
  22  2:25  Stargate, Probe (Chrono Boost)  
  23  2:30  Zealot  
  25  2:46  Robotics Facility  
  25  2:48  Unknown, Probe (Chrono Boost)  
  25  2:50  Probe (Chrono Boost)  
  27  3:00  Zealot  
  27  3:05  Oracle, Probe (Chrono Boost)  
  33  3:15  Probe (Chrono Boost)  
  36  3:20  Mothership Core (Chrono Boost)  
  36  3:29  Probe (Chrono Boost)  
  31  4:17  Probe (Chrono Boost)  
  31  4:19  Probe (Chrono Boost)  
  33  4:38  Unknown, Nexus  
  33  4:54  Oracle  
  36  5:00  Pylon  
  36  5:03  Pylon  
  36  5:05  Probe (Chrono Boost)  
  36  5:06  Pylon  
  38  5:07  Probe (Chrono Boost)  
  38  5:12  Observer  
  39  5:18  Warp Gate  
  39  5:19  Probe (Chrono Boost)  
  40  5:49  Unknown, Probe (Chrono Boost)  
  42  5:50  Probe (Chrono Boost)  
  42  6:02  Probe (Chrono Boost)  
  42  6:03  Stargate  
  43  6:08  Probe x2 (Chrono Boost)  
  43  6:10  Assimilator  
  45  6:12  Assimilator  
  45  6:37  Stalker  
  47  6:45  Void Ray  
  41  6:52  Forge  
  45  7:04  Pylon  
  45  7:06  Pylon  
  45  7:12  Void Ray  
  45  7:13  Immortal  
  53  7:38  Void Ray  
  57  7:56  Probe (Chrono Boost)  
  57  7:57  Probe (Chrono Boost)  
  57  7:58  Probe (Chrono Boost), Photon Cannon, Void Ray  
  60  7:59  Photon Cannon  
  59  8:20  Zealot, Void Ray  
  65  8:36  Probe (Chrono Boost)  
  65  8:38  Probe (Chrono Boost)  
  65  8:39  Mothership Core (Chrono Boost)  
  67  8:50  Probe (Chrono Boost)  
  67  9:01  Photon Cannon  
  67  9:02  Photon Cannon  
  67  9:04  Photon Cannon  
  67  9:05  Photon Cannon  
  67  9:06  Pylon, Probe (Chrono Boost)  
  67  9:07  Probe x2 (Chrono Boost)  
  70  9:25  Void Ray  
  70  9:27  Fleet Beacon  
  70  9:31  Void Ray, Cybernetics Core  
  78  10:07  Stargate  
  78  10:08  Protoss Air Weapons Level 1  
  78  10:11  Stargate  
  62  10:33  Pylon  
  62  10:40  Void Ray  
  62  10:44  Unknown, Nexus  
  62  10:45  Void Ray  
  70  11:01  Protoss Air Armor Level 1  
  70  11:03  Protoss Shields Level 1  
  70  11:10  Assimilator  
  70  11:20  Void Ray  
  74  11:32  Void Ray  
  78  11:46  Assimilator  
  78  11:50  Void Ray  
  78  11:56  Unknown  
  82  12:07  Void Ray  
  86  12:28  Void Ray  
  82  12:35  Void Ray  
  82  12:39  Probe x3 (Chrono Boost)  
  89  12:45  Void Ray  
  89  12:56  Protoss Air Weapons Level 2  
  89  12:57  Mothership Core (Chrono Boost)  
  95  13:02  Probe x2 (Chrono Boost)  
  95  13:05  Void Ray  
  103  13:14  Probe x2 (Chrono Boost)  
  103  13:17  Probe (Chrono Boost)  
  104  13:30  Pylon  
  104  13:32  Pylon  
  104  13:33  Pylon x2  
  104  13:43  Void Ray  
  104  13:44  Void Ray  
  104  13:45  Void Ray  
  104  13:48  Void Ray  
  120  13:56  Protoss Air Armor Level 2  
  120  14:08  Unknown, Nexus  
  126  14:19  Unknown, Nexus  
  126  14:28  Pylon x2  
  126  14:31  Pylon  
  126  14:40  Twilight Council  
  126  14:42  Void Ray  
  126  14:47  Void Ray  
  134  14:55  Void Ray  
  134  15:06  Carrier  
  138  15:19  Unknown  
  147  15:22  Probe x3 (Chrono Boost)  
  147  15:31  Unknown  
  147  15:48  Phoenix  
  147  15:49  Phoenix  
  147  15:51  Phoenix  
  153  16:07  Void Ray  
  153  16:18  Stargate x2  
  157  16:23  Void Ray  
  161  16:36  Assimilator  
  161  16:40  Assimilator  
  147  17:10  Void Ray x2  
  147  17:15  Void Ray  
  155  17:34  Mothership Core (Chrono Boost)  
  155  17:36  Void Ray  
  161  17:52  Void Ray x2  
  169  18:15  Void Ray  
Show
View Real Time Build Order
Export as new Build Order

Gracz Protoss 

Build Orders:  

Get SALT Encoding   

  12  0:02  Probe (Chrono Boost)  
  13  0:17  Pylon  
  13  0:21  Probe (Chrono Boost)  
  14  0:39  Gateway  
  14  0:44  Gateway  
  14  0:51  Assimilator  
  14  0:53  Probe (Chrono Boost)  
  15  1:06  Probe (Chrono Boost)  
  16  1:19  Pylon  
  16  1:24  Pylon, Probe (Chrono Boost)  
  16  1:25  Assimilator  
  17  1:45  Cybernetics Core  
  17  1:47  Probe (Chrono Boost)  
  18  1:57  Gateway  
  18  1:58  Probe (Chrono Boost)  
  19  2:08  Probe (Chrono Boost)  
  19  2:11  Warp Gate  
  20  2:19  Probe (Chrono Boost)  
  21  2:28  Adept  
  21  2:29  Adept  
  25  2:53  Stargate  
  25  3:10  Stargate  
  25  3:26  Unknown, Nexus, Probe (Chrono Boost)  
  24  4:07  Protoss Air Weapons Level 1  
  24  4:13  Fleet Beacon  
  24  4:17  Gateway  
  22  4:25  Gateway  
  24  4:31  Mothership Core (Chrono Boost)  
  24  4:32  Stalker  
  24  4:35  Stalker  
  24  4:37  Unknown  
  28  4:44  Stalker  
  30  4:49  Probe (Chrono Boost)  
  30  4:51  Probe (Chrono Boost)  
  32  5:03  Probe (Chrono Boost)  
  32  5:04  Probe (Chrono Boost)  
  34  5:07  Pylon  
  34  5:10  Stalker  
  36  5:20  Pylon  
  36  5:25  Stalker  
  38  5:34  Twilight Council  
  38  5:38  Gateway  
  38  5:46  Probe (Chrono Boost)  
  38  5:48  Probe (Chrono Boost)  
  40  5:57  Probe (Chrono Boost)  
  40  6:00  Probe (Chrono Boost)  
  42  6:04  Pylon  
  42  6:16  Robotics Facility x2  
  30  6:46  Probe (Chrono Boost)  
  32  6:48  Probe (Chrono Boost)  
  32  6:57  Probe (Chrono Boost)  
  32  6:59  Stalker  
  32  7:00  Probe (Chrono Boost)  
  36  7:07  Probe (Chrono Boost)  
  37  7:12  Probe (Chrono Boost)  
  38  7:18  Probe (Chrono Boost)  
  38  7:20  Tempest  
  44  7:24  Probe (Chrono Boost)  
  44  7:49  Unknown, Nexus  
  40  8:47  Stalker x3  
  40  8:48  Stalker x3  
  44  8:55  Probe (Chrono Boost)  
  46  8:56  Probe (Chrono Boost)  
  46  8:57  Blink  
  46  9:01  Unknown  
  46  9:02  Tempest  
  50  9:08  Probe (Chrono Boost)  
  51  9:15  Stalker x2  
  55  9:22  Probe (Chrono Boost)  
  55  9:23  Probe (Chrono Boost)  
  57  9:27  Assimilator  
  53  10:06  Stalker  
  49  10:25  Stalker x3  
  55  10:29  Probe x2 (Chrono Boost)  
  55  10:30  Probe (Chrono Boost)  
  58  10:38  Assimilator  
  58  10:42  Probe (Chrono Boost)  
  59  10:45  Tempest  
  63  10:53  Tempest  
  63  10:58  Assimilator  
  63  11:03  Stalker  
  69  11:21  Probe x2 (Chrono Boost)  
  69  11:22  Probe (Chrono Boost)  
  72  11:34  Charge  
  72  11:37  Probe x2 (Chrono Boost)  
  72  11:38  Probe (Chrono Boost)  
  75  11:52  Immortal x2  
  67  12:32  Stalker x2  
  67  12:33  Stalker x2  
  67  12:36  Probe x2 (Chrono Boost)  
  78  12:38  Probe (Chrono Boost)  
  78  12:41  Zealot  
  78  12:42  Zealot  
  82  12:47  Probe x2 (Chrono Boost)  
  82  12:50  Probe (Chrono Boost)  
  85  12:57  Probe (Chrono Boost)  
  85  12:58  Probe (Chrono Boost), Zealot  
  89  13:01  Zealot  
  89  13:02  Unknown, Nexus, Probe (Chrono Boost)  
  92  13:08  Probe (Chrono Boost)  
  92  13:12  Pylon  
  93  13:14  Resonating Glaives  
  93  13:23  Pylon  
  93  13:26  Tempest  
  93  13:31  Probe x2 (Chrono Boost)  
  93  13:32  Probe (Chrono Boost)  
  100  13:41  Assimilator  
  100  13:46  Stalker x2  
  104  13:49  Zealot  
  106  14:04  Pylon  
  109  14:10  Probe x2 (Chrono Boost)  
  109  14:11  Tempest, Probe (Chrono Boost)  
  109  14:13  Unknown  
  113  14:19  Zealot x4  
  113  14:23  Probe (Chrono Boost), Protoss Air Armor Level 1  
  122  14:34  Cybernetics Core  
  122  14:36  Immortal  
  122  14:38  Probe x2 (Chrono Boost)  
  125  14:39  Probe (Chrono Boost)  
  129  14:51  Pylon  
  129  14:56  Stargate  
  129  14:58  Stargate  
  129  15:05  Stalker  
  131  15:09  Pylon  
  131  15:11  Pylon  
  131  15:14  Pylon  
  131  15:16  Immortal  
  131  15:18  Assimilator  
  131  15:19  Immortal  
  131  15:20  Assimilator  
  139  15:37  Tempest  
  139  15:38  Tempest x3  
  139  15:47  Protoss Air Weapons Level 2  
  155  15:55  Adept  
  155  15:56  Adept x2  
  161  15:57  Adept  
  163  16:11  Pylon  
  163  16:14  Pylon  
  163  16:17  Pylon  
  163  16:24  Tempest  
  163  16:25  Tempest  
  171  16:38  Probe x3 (Chrono Boost)  
  174  16:44  Tempest  
  174  17:07  Observer x2  
  174  17:08  Stalker x3  
  133  17:24  Stalker x3  
  133  17:29  Void Ray  
  117  17:49  Stalker  
  117  17:50  Stalker  
  56  18:31  Stalker x3  
Tags
 
Add a new tag
Caveats
  • Supply blocks, unpowered buildings, or Contaminate may cause inaccurate times.
  • Supply counts are checked every 10 seconds.